 Dungeon Crawl Stone Soup version 0.29-a0-338-g1ff7896281 (webtiles) character file.

Game seed: 930603952185288536

7415 Murumi the Slasher (level 10, -1/129 HPs)
             Began as a Demigod Fighter on Apr 18, 2022.
             Slain by a killer bee (10 damage)
             ... on level 11 of the Dungeon.
             The game lasted 00:32:49 (11444 turns).

Murumi the Slasher (Demigod Fighter)               Turns: 11444, Time: 00:32:50

Health: -1/129     AC: 25    Str: 21    XL:     10   Next: 62%
Magic:  13/13      EV:  2    Int: 10    God:
Gold:   1426       SH: 13    Dex: 21    Spells: 9/9 levels left

rFire   . . .      SeeInvis +   a - +3 long sword (venom)
rCold   . . .      Faith    .   c - +1 buckler
rNeg    . . .      Spirit   .   (body armour currently unavailable)
rPois   +          Reflect  +   (helmet currently unavailable)
rElec   .          Harm     .   (cloak currently unavailable)
rCorr   .          Rampage  .   (gloves currently unavailable)
Will    +....      NoTele   +   (boots currently unavailable)
Stlth   +++.......              w - amulet of reflection
HPRegen 0.31/turn               i - +4 ring of slaying
MPRegen 0.13/turn               m - ring of see invisible

@: lethally poisoned (-1 -> -5), tree-form
A: stationary, stasis, torment immunity, boosted hp, high MP 1, forlorn, divine
attributes
a: no special abilities


You were on level 11 of the Dungeon.
You were a tree.
You visited 1 branch of the dungeon, and saw 11 of its levels.
You also visited: Bailey.

You collected 1426 gold pieces.

Inventory:

Hand Weapons
 a - a +3 long sword of venom (weapon)
 b - a +1 scimitar
Missiles
 z - a throwing net (quivered)
Armour
 c - a +1 buckler (worn)
 l - a +0 plate armour (melded)
 x - a +0 pair of gloves (melded)
 y - a scarf of resistance (melded)
 E - a +1 pair of boots of flying (melded)
Jewellery
 i - a +4 ring of slaying (left branch)
 j - an amulet of regeneration
 m - a ring of see invisible (right branch)
 n - a ring of protection from fire
 w - an amulet of reflection (around neck)
Wands
 s - a wand of flame (40)
 u - a wand of acid (10)
 A - a wand of iceblast (13)
 D - a wand of polymorph (8)
Scrolls
 h - a scroll of summoning
 p - 3 scrolls of blinking
 r - a scroll of silence
 v - 5 scrolls of teleportation
 F - a scroll of fog
 G - a scroll of holy word
 H - a scroll of fear
 K - a scroll of enchant weapon
Potions
 d - 2 potions of might
 e - 6 potions of flight
 f - 2 potions of attraction
 g - 8 potions of curing
 k - a potion of berserk rage
 o - 6 potions of heal wounds
 q - 4 potions of mutation
 B - a potion of brilliance
 C - 4 potions of magic
 I - a potion of haste {unknown}
 J - a potion of ambrosia


   Skills:
 - Level 7.0 Fighting
 - Level 7.0 Long Blades
 + Level 6.6 Armour
 - Level 7.0 Dodging
 - Level 4.0 Stealth
 - Level 7.0 Shields
 - Level 3.0 Evocations


You had 9 spell levels left.
You didn't know any spells.
Your spell library contained the following spells:

 Spells                   Type           Power      Damage    Failure   Level
 Apportation              Tloc           0%         N/A       43%         1
 Sandblast                Erth           0%         2d4       43%         1
 Passwall                 Tmut/Erth      0%         N/A       58%         2
 Stone Arrow              Conj/Erth      0%         3d7       82%         3
 Tukima's Dance           Hex            0%         N/A       82%         3
 Airstrike                Air            0%         N/A       99%         4
 Passage of Golubria      Tloc           0%         N/A       99%         4
 Summon Lightning Spire   Summ/Air       0%         N/A       99%         4
 Alistair's Intoxication  Tmut/Pois      0%         N/A       100%        5
 Lightning Bolt           Conj/Air       0%         1d11      100%        5
 Yara's Violent Unravell  Hex/Tmut       0%         3d3       100%        5


Dungeon Overview and Level Annotations

Branches:
Dungeon (11/15)            Temple (0/1) D:5             Orc (0/2) D:9
 Bailey (visited)
   Lair: D:8-11

Shops:
D:8 !

Annotations:
D:11 Fannar


Innate Abilities, Weirdness & Mutations

You are a tree.
Your roots penetrate the ground, keeping you stationary.
You cannot be teleported.
You are immune to unholy pain and torment.
Your maximum health is greatly increased.
Your equipment is partially melded.
You have an increased reservoir of magic. (+10% MP)
You shall have no god before yourself.
Your divine heritage dramatically boosts your attributes as you level up.


Message History

The killer bee stings you but does no damage. x2
You hear an angry buzzing noise.
You miss the killer bee.
You feel very sick. You block the killer bee's attack.
The killer bee stings you!
* * * LOW HITPOINT WARNING * * *
You are more poisoned.
The killer bee poisons you!
The killer bee stings you but does no damage.
A killer bee comes into view.
The killer bee moves out of view.
You hit the queen bee.
The queen bee is poisoned.
The queen bee is lightly wounded.
You feel very sick.
You hear an angry buzzing noise.
Unknown command.
You slash the queen bee!
The queen bee looks as sick as possible!
The queen bee is moderately wounded.
You feel very sick.
The queen bee stings you but does no damage.
You slash the queen bee!
The queen bee looks as sick as possible!
The queen bee is severely wounded.
You feel very sick. You block the queen bee's attack.
You slash the queen bee!
You kill the queen bee!
You feel sick. The killer bee stings you.
* * * LOW HITPOINT WARNING * * *
The killer bee stings you but does no damage.
You hear an angry buzzing noise.
You slash the killer bee!
The killer bee is moderately wounded.
You feel sick. The killer bee stings you.
* * * LOW HITPOINT WARNING * * *
The killer bee stings you!
* * * LOW HITPOINT WARNING * * *
You block the killer bee's attack. The killer bee stings you!
You die...

##### #!....
###########
#....y####.....[...#
#†!.yyyy##.........#
#yy♣.........#
####.........###
#...........####
#.........#....#
#.........####...
#.........# ###
#.........#
########.## #...#


You could see 7 killer bees.

Vanquished Creatures
  A centaur warrior (D:10)
  A two-headed ogre (D:10)
  A kobold demonologist (D:9)
  A komodo dragon (D:10)
  A queen bee (D:11)
  Prince Ribbit (D:5)
  A wraith (D:7)
  A wyvern (D:10)
  3 steam dragons
  2 acid dragons
  A water moccasin (D:7)
  A sky beast (D:7)
  Pargi (D:4)
  A black bear (D:8)
  An ice beast (D:6)
  2 ogres (D:6)
  5 orc warriors
  2 centaurs
  3 phantoms
  3 kobold brigands
  A necrophage (D:5)
  3 bullfrogs
  2 scorpions (D:5)
  10 wights
  19 killer bees
  5 howler monkeys
  2 hounds
  2 gnoll shamans
  2 jellies
  5 iguanas
  Natasha (thrice) (D:3)
  4 orc wizards
  16 gnolls
  9 adders
  2 worms (D:2)
  2 dart slugs
  27 orcs
  11 ball pythons
  9 bats
  8 endoplasms
  2 giant cockroaches (D:1)
  12 goblins
  11 hobgoblins
  A jackal (D:5)
  27 kobolds
  4 quokkas
  4 frilled lizards
  2 rats
238 creatures vanquished.

Notes
Turn   | Place    | Note
-------+----------+-------------------------------------------
     0 | D:1      | Murumi the Demigod Fighter began the quest for the Orb.
     0 | D:1      | Reached XP level 1. HP: 18/18 MP: 3/3
   398 | D:1      | Reached XP level 2. HP: 22/25 MP: 4/4
   810 | D:1      | Reached skill level 1 in Stealth
  1282 | D:2      | Reached skill level 1 in Dodging
  1282 | D:2      | Reached XP level 3. HP: 31/31 MP: 5/5
  1810 | D:2      | Reached XP level 4. HP: 38/38 MP: 6/6
  2312 | D:3      | Noticed Natasha
  2318 | D:3      | Killed Natasha
  2424 | D:3      | Reached XP level 5. HP: 45/45 MP: 7/7
  2425 | D:3      | Noticed Natasha
  2433 | D:3      | Killed Natasha
  2633 | D:3      | Noticed Natasha
  2638 | D:3      | Killed Natasha
  3080 | D:3      | Reached XP level 6. HP: 50/52 MP: 8/8
  3187 | D:4      | Noticed Pargi
  3197 | D:4      | Killed Pargi
  3405 | D:4      | Identified the +1 chain mail of the Ward {Rampage rElec
                  | Int+2}
  3579 | D:5      | Entered Level 5 of the Dungeon
  3762 | D:5      | Noticed Prince Ribbit
  3793 | D:5      | Killed Prince Ribbit
  3794 | D:5      | Reached skill level 1 in Evocations
  3794 | D:5      | Reached XP level 7. HP: 36/59 MP: 9/9
  4184 | D:5      | Found a staircase to the Ecumenical Temple.
  4324 | D:5      | Reached skill level 5 in Long Blades
  4397 | D:5      | Identified the +7 short sword "Locer" {drain, Drain rF+
                  | Str+5 Int+3}
  4724 | D:5      | Identified the +5 ring mail "Hinlinni" {rElec}
  4799 | D:6      | Reached XP level 8. HP: 66/66 MP: 10/10
  4934 | D:6      | Reached skill level 5 in Dodging
  5199 | D:6      | Reached skill level 5 in Shields
  5421 | D:6      | Reached skill level 5 in Fighting
  5888 | D:6      | Identified a scroll of acquirement
  5888 | D:6      | Acquired 803 gold pieces
  6071 | D:7      | Reached skill level 5 in Armour
  6475 | D:7      | Reached XP level 9. HP: 74/74 MP: 11/11
  6956 | D:7      | Noticed an angel
  7338 | D:8      | Found a flagged portal.
  7351 | Bailey   | Entered a bailey
  8964 | D:8      | Found Roexaewyu's Distillery.
  9593 | D:9      | Found a staircase to the Orcish Mines.
  9675 | D:9      | Noticed a kobold demonologist
  9685 | D:9      | Noticed a sun demon
  9689 | D:9      | Killed a kobold demonologist
  9690 | D:9      | Reached XP level 10. HP: 74/83 MP: 13/13
 10042 | D:10     | Entered Level 10 of the Dungeon
 10419 | D:10     | Noticed a two-headed ogre
 10421 | D:10     | Noticed a centaur warrior
 10435 | D:10     | Killed a two-headed ogre
 10443 | D:10     | Killed a centaur warrior
 11406 | D:11     | Noticed Fannar
 11444 | D:11     | Slain by a killer bee

Illustrated notes

Levels and vault maps discovered:
D:1:      scummos_arrival_star, layout_loops_ring,
          hellmonk_ecumenical_altar_run_dry, minmay_fountain_box
D:2:      kb_forest_paths, layout_basic, basic_altar,
          nicolae_elevator_lobby_plus
D:3:      layout_loops_ring, lemuel_tele_altar, minmay_misc_feat_room,
          kennysheep_crisscross, hangedman_feature_mirror, feat_on_display,
          uniq_natasha
D:4:      layout_rooms, nicolae_hepliaklqana_hippocampus,
          grunt_temple_overflow_open, uniq_pargi
D:5:      layout_basic, old_standard_altar, nicolae_ru_great_annihilating_truth,
          mainiacjoe_overflow_concentric_impassable,
          minmay_temple_entry_statues, dreamdust_princess_corridor,
          minmay_parallelograms, uniq_prince_ribbit1
D:6:      layout_loops_cross, nicolae_wu_jian_immortal_techniques,
          nicolae_qazlal_scattered_showers
D:7:      layout_basic, zin_angel, minmay_fractal_squares_gapless_5
D:8:      layout_gridville, enter_bailey_3, serial_shops, shop
D:9:      layout_cave_pools, kennysheep_mini, orc_0_dummy
D:10:     layout_loops_ring, lemuel_round_altar, minmay_misc_feat_columns
D:11:     layout_roguey [special_room_bee], david_lair_shrubbed,
          nicolae_trove_entry_diagonal, serial_bayou, serial_bayou_pond_a,
          serial_bayou_shore_a, serial_bayou_pond_a, serial_bayou_pond_e,
          uniq_fannar, uniq_lodul, uniq_erica

Skill      XL: |  1  2  3  4  5  6  7  8  9 10 |
---------------+-------------------------------+-----
Long Blades    | 2 3 4 5 6 7 |  7.0
Shields        | 3 4 5 6 7 |  7.0
Fighting       | 3 4 5 6 7 |  7.0
Armour         | 3 4 5 6 |  6.6
Stealth        | 1 2 3 4 |  4.0
Dodging        | 1 3 4 5 6 7 |  7.0
Evocations     | 1 2 3 |  3.0

Action                   |  1- 3 |  4- 6 |  7- 9 | 10-12 || total
-------------------------+-------+-------+-------+-------++-------
Melee: Long sword        |   128 |   179 |   382 |    89 ||   778
Throw: Throwing net      |       |       |       |     1 ||     1
  Use: Scroll            |     4 |     8 |    12 |     4 ||    28
       Potion            |       |       |       |     1 ||     1
 Stab: Invisible         |       |     1 |       |       ||     1
       Paralysed         |       |     1 |       |       ||     1
Armor: Scale mail        |    59 |    51 |       |       ||   110
       Plate armour      |       |    26 |   137 |    30 ||   193
       Skin              |       |       |       |    12 ||    12
Dodge: Dodged            |    50 |    69 |   101 |    13 ||   233
Block: Buckler           |    28 |    68 |   238 |    68 ||   402
       Reflection        |       |       |    35 |       ||    35

Table legend: (Time is in decaauts)
 A = Elapsed time spent in this place.
 B = Non-inter-level travel time spent in this place.
 C = Inter-level travel time spent in this place.
 D = Time resting spent in this place.
 E = Time spent auto-exploring this place.
 F = Levels seen in this place.
 G = Mean time per level.
                   A        B        C        D        E       F      G
               +--------+--------+--------+--------+--------+-----+--------+
         Total |  11638 |  10698 |    940 |    303 |   8300 |  12 |  969.8 |
       Dungeon |  10954 |  10014 |    940 |    267 |   7889 |  11 |  995.8 |
        Bailey |    683 |    683 |      0 |     36 |    411 |   1 |  683.0 |
               +--------+--------+--------+--------+--------+-----+--------+

Top non-repeatable levels by time:
     D:8: 1610 daAuts
     D:1: 1300 daAuts
     D:7: 1236 daAuts
     D:5: 1232 daAuts
     D:6: 1166 daAuts
    D:10: 1157 daAuts
     D:2: 1043 daAuts
     D:3: 920 daAuts
  Bailey: 683 daAuts
     D:9: 600 daAuts
     D:4: 463 daAuts
    D:11: 222 daAuts
